Atlantic City Gamblers vs Peoria Rivermen
Created - Thursday, November 27, 2025 at 08:53
Goals
|
| Atlantic City Gamblers |
1 |
1 |
1 |
3 |
| Peoria Rivermen |
3 |
3 |
1 |
7 |
|
Shots
|
| Atlantic City Gamblers |
7 |
13 |
17 |
37 |
| Peoria Rivermen |
9 |
26 |
10 |
45 |
|
1st period
1. Peoria Rivermen , Zachary Bolduc 1 (Colin Blackwell 2) at 6:47 (PP)
2. Peoria Rivermen , Patrick Giles 1 (Oskar Sundqvist 2) at 7:18
3. Atlantic City Gamblers , Nathan Bastian 1 (Caedan Bankier 1) at 14:21
4. Peoria Rivermen , Nico Sturm 1 (Tanner Fritz 1) at 16:47
Penalties :
Tanner Fritz (PRM) for Fighting (Major) at 6:04, Tristan Broz (ACG) for Fighting (Major) at 6:04, Tristan Broz (ACG) for instigated a fight (Minor) at 6:04, Tristan Broz (ACG) for instigated and being the aggresor in a fight (20 Minutes Game Misconduct) at 6:04, Nico Sturm (PRM) for Fighting (Major) at 7:35, Yegor Sokolov (ACG) for Fighting (Major) at 7:35, Yegor Sokolov (ACG) for instigated a fight (Minor) at 7:35, Yegor Sokolov (ACG) for instigated a fight (10 Minutes Misconduct) at 7:35, Filip Roos (ACG) for Tripping (Minor) at 12:15, Thomas Bordeleau (ACG) for Hooking (Minor) at 14:34, Tyler Tucker (PRM) for Interference (Minor) at 17:46
2nd period
5. Peoria Rivermen , Riley Duran 1 (Gabriel Szturc 1) at 5:00
6. Peoria Rivermen , Zachary Bolduc 2 (Colin Blackwell 3) at 15:26 (PP)
7. Atlantic City Gamblers , Yegor Sokolov 2 (Boris Katchouk 3, Shakir Mukhamadullin 1) at 17:45
8. Peoria Rivermen , Colin Blackwell 1 (Zachary Bolduc 1) at 17:56
Penalties :
Marc Del Gaizo (PRM) for Roughing (Minor) at 2:38, Thomas Bordeleau (ACG) for Interference (Minor) at 11:09, Caedan Bankier (ACG) for Roughing (Minor) at 15:00, Nathan Bastian (ACG) for Tripping (Minor) at 15:17
3rd period
9. Atlantic City Gamblers , Ivan Miroshnichenko 1 (Caedan Bankier 2, Alexander Holtz 1) at 8:06
10. Peoria Rivermen , Nico Sturm 2 (Tanner Fritz 2) at 16:40
Penalties :
Marek Alscher (ACG) for Boarding (Minor) at 0:03, Jalen Chatfield (PRM) for Roughing (Minor) at 0:22, Tanner Fritz (PRM) for Fighting (Major) at 9:00, Alexander Holtz (ACG) for Fighting (Major) at 9:00
Goalie Stats
Calvin Pickard (ACG), 38 saves from 45 shots - (0.844), L, 1-1-0, 60:00 minutes
William Rousseau (PRM), 34 saves from 37 shots - (0.919), W, 1-1-1, 60:00 minutes
Players Stats for Atlantic City Gamblers
Player Name G A P +/- PIM S H SB GA TA FO MP PP MP PK MP
------------------------------------------------------------------------------------
0 0 0 0 0 0 0 0 0 0 0/0 0:00 0:00 0:00
Alexander Holtz 0 1 1 -1 5 3 0 0 0 1 0/0 12:27 1:08 0:00
Ben King 0 0 0 -1 0 1 2 0 0 1 1/3 5:17 0:00 0:00
Boris Katchouk 0 1 1 -1 0 3 0 0 2 0 0/0 15:52 2:04 0:00
Caedan Bankier 0 2 2 1 2 0 2 0 0 0 11/16 16:45 0:38 4:47
Filip Roos 0 0 0 -3 2 0 0 0 0 1 0/0 16:44 0:24 0:09
Hendrix Lapierre 0 0 0 -1 0 4 1 2 0 0 0/1 17:59 2:01 2:58
Ivan Miroshnichenko 1 0 1 0 0 6 2 1 1 0 0/0 15:23 2:20 1:02
Jean-Luc Foudy 0 0 0 -2 0 0 1 0 0 0 9/13 14:59 0:00 0:20
Marek Alscher 0 0 0 2 2 0 0 3 0 0 0/0 19:52 0:07 4:32
Mason Lohrei 0 0 0 -4 0 6 0 3 0 2 0/0 25:20 2:07 6:42
Nathan Bastian 1 0 1 0 2 1 1 1 0 3 0/0 12:20 2:13 4:31
Nils Hoglander 0 0 0 -1 0 6 3 0 0 1 0/1 22:07 2:20 3:10
Noah Warren 0 0 0 0 0 0 0 3 0 2 0/0 18:40 0:07 6:42
Ronnie Attard 0 0 0 0 0 0 0 2 0 2 0/0 12:43 0:31 0:00
Shakir Mukhamadullin 0 1 1 2 0 4 0 0 0 1 0/0 23:07 2:07 4:23
Thomas Bordeleau 0 0 0 -1 4 1 0 2 0 1 19/40 22:35 2:20 4:18
Tristan Broz 0 0 0 0 27 0 0 0 0 0 1/2 1:34 0:00 0:00
Yegor Sokolov 1 0 1 0 17 2 0 0 1 1 0/0 13:04 0:58 1:12
Players Stats for Peoria Rivermen
Player Name G A P +/- PIM S H SB GA TA FO MP PP MP PK MP
------------------------------------------------------------------------------------
0 0 0 0 0 0 0 0 0 0 0/0 0:00 0:00 0:00
Colin Blackwell 1 2 3 -1 0 5 1 3 2 0 13/34 22:07 5:41 1:49
Gabriel Szturc 0 1 1 1 0 0 1 0 0 0 1/1 7:06 0:07 0:00
Jalen Chatfield 0 0 0 0 2 1 4 2 2 0 0/0 22:43 5:40 1:56
Jonas Rondbjerg 0 0 0 -1 0 0 1 1 0 0 0/0 19:26 5:37 0:00
Jonathan Gruden 0 0 0 2 0 1 2 0 0 0 0/1 9:53 0:00 0:00
Marc Del Gaizo 0 0 0 0 2 1 0 3 0 0 0/0 21:19 5:41 1:21
Matthew Sop 0 0 0 1 0 0 1 2 2 0 0/0 11:24 5:15 0:14
Nick Leddy 0 0 0 3 0 1 0 1 0 0 0/0 13:48 0:00 2:24
Nico Sturm 2 0 2 2 5 3 0 0 2 0 4/6 9:34 0:00 0:04
Oskar Sundqvist 0 1 1 0 0 5 6 0 2 0 13/26 21:28 5:29 1:56
Patrick Giles 1 0 1 0 0 6 0 0 0 0 0/0 18:38 5:20 0:00
Riley Duran 1 0 1 0 0 2 1 0 1 0 2/4 8:56 0:44 0:27
Sean Walker 0 0 0 -1 0 2 2 1 0 0 0/0 25:34 5:33 2:02
Tanner Fritz 0 2 2 2 10 4 1 0 0 0 0/0 7:27 0:00 0:00
Tyler Tucker 0 0 0 3 2 1 0 0 0 1 0/0 12:28 0:00 0:51
Tyson Kozak 0 0 0 0 0 7 1 0 1 1 1/2 15:38 0:00 2:00
Yegor Zamula 0 0 0 -1 0 0 2 0 0 2 0/0 24:09 5:33 0:00
Zachary Bolduc 2 1 3 0 0 6 4 0 4 0 1/2 22:19 5:29 2:04
3 Stars
1 - Zachary Bolduc (PRM)
2 - Colin Blackwell (PRM)
3 - Nico Sturm (PRM)
Power Play
Atlantic City Gamblers - 0 on 3 Attempt(s) - 0.00%
Peoria Rivermen - 2 on 8 Attempt(s) - 25.00%
Penalty Kill
Atlantic City Gamblers - 6 on 8 Attempt(s) - 75.00%
- Score 0 goal in Penalty Kill
Peoria Rivermen - 3 on 3 Attempt(s) - 100.00%
- Score 0 goal in Penalty Kill
Team Stat
Atlantic City Gamblers - Hits : 12 - Faceoff Wins : 41 - Blocked Shots : 17 - Penalty Minutes : 61
Peoria Rivermen - Hits : 27 - Faceoff Wins : 35 - Blocked Shots : 13 - Penalty Minutes : 21
Official
Referees : Eric Furlatt and Cody Beach
Linesman : Mitchell Hunt and Ryan Daisy
Game Notes
Tristan Broz beats up Tanner Fritz at 6:04 of 1st period
Tristan Broz (ACG) for instigated and being the aggresor in a fight (20 Minutes Game Misconduct) at 6:04
Tristan Broz ejected from game at 6:04 of 1st period
Yegor Sokolov beats up Nico Sturm at 7:35 of 1st period
15:26 of 2nd period - Peoria Rivermen goal is going for a video replay. After video review, Goal.
Alexander Holtz beats up Tanner Fritz at 9:00 of 3rd period
Atlantic City Gamblers
5 vs 5 Forward
Center Left Wing Right Wing Time % Phy DF OF
1 Thomas Bordeleau Nils Hoglander Hendrix Lapierre 30 1 1 3
2 Tristan Broz Yegor Sokolov Boris Katchouk 30 1 1 3
3 Caedan Bankier Alexander Holtz Ivan Miroshnichenko 25 0 2 3
4 Ben King Nathan Bastian Jean-Luc Foudy 15 1 2 2
5 vs 5 Defense
Defense Defense Time % Phy DF OF
1 Mason Lohrei Filip Roos 38 1 3 1
2 Marek Alscher Shakir Mukhamadullin 37 1 3 1
3 Ronnie Attard Noah Warren 25 1 3 1
4 Ronnie Attard Noah Warren 0 1 3 1
PowerPlay Forward
Center Left Wing Right Wing Time % Phy DF OF
1 Thomas Bordeleau Nathan Bastian Hendrix Lapierre 50 0 1 4
2 Tristan Broz Yegor Sokolov Boris Katchouk 50 0 1 4
PowerPlay Defense
Defense Defense Time % Phy DF OF
1 Mason Lohrei Nils Hoglander 50 0 2 3
2 Ivan Miroshnichenko Shakir Mukhamadullin 50 0 2 3
Penalty Kill 4 Players Forward
Center Wing Time % Phy DF OF
1 Thomas Bordeleau Nathan Bastian 55 0 4 1
2 Tristan Broz Yegor Sokolov 45 0 4 1
Penalty Kill 4 Players Defense
Defense Defense Time % Phy DF OF
1 Mason Lohrei Noah Warren 55 1 3 1
2 Marek Alscher Shakir Mukhamadullin 45 1 3 1
Penalty Kill - 3 Players Forward
Forward Time % Phy DF OF
1 Thomas Bordeleau 50 0 5 0
2 Tristan Broz 50 0 5 0
Penalty Kill - 3 Players Defense
Defense Defense Time % Phy DF OF
1 Marek Alscher Filip Roos 50 2 3 0
2 Shakir Mukhamadullin Noah Warren 50 2 3 0
4 vs 4 Forward
Center Wing Time % Phy DF OF
1 Thomas Bordeleau Nils Hoglander 45 0 1 4
2 Tristan Broz Boris Katchouk 55 0 1 4
4 vs 4 Defense
Defense Defense Time % Phy DF OF
1 Mason Lohrei Filip Roos 45 0 2 3
2 Marek Alscher Shakir Mukhamadullin 55 0 2 3
Last Minutes Offensive
Center Left Wing Right Wing Defense Defense
Tristan Broz Nathan Bastian Nils Hoglander Mason Lohrei Hendrix Lapierre
Last Minutes Defensive
Center Left Wing Right Wing Defense Defense
Tristan Broz Yegor Sokolov Ivan Miroshnichenko Marek Alscher Shakir Mukhamadullin
Goaltenders
Starting : Calvin Pickard
Backup : Brandon Halverson
Extra Forwards
Normal : Jean-Luc Foudy, Nils Hoglander, Alexander Holtz - PP : Yegor Sokolov, Ivan Miroshnichenko - PK : Caedan Bankier
Extra Defensemen
Normal : Ronnie Attard, Noah Warren, Shakir Mukhamadullin - PP : Ronnie Attard - PK : Ronnie Attard, Noah Warren
Penalty Shots
Jean-Luc Foudy, Tristan Broz, Boris Katchouk, Yegor Sokolov, Thomas Bordeleau
Scratches
Noah Juulsen (Healthy), Artyom Grushnikov (Healthy), Trevor Janicke (Healthy), Alex Beaucage (Healthy), Nico Daws (Healthy)
Jan Bednar (Healthy)
Peoria Rivermen
5 vs 5 Forward
Center Left Wing Right Wing Time % Phy DF OF
1 Colin Blackwell Zachary Bolduc Jonas Rondbjerg 30 1 2 2
2 Oskar Sundqvist Tyson Kozak Patrick Giles 30 1 2 2
3 Nico Sturm Jonathan Gruden Tanner Fritz 25 1 2 2
4 Riley Duran Matthew Sop Gabriel Szturc 15 1 2 2
5 vs 5 Defense
Defense Defense Time % Phy DF OF
1 Jalen Chatfield Yegor Zamula 30 1 2 2
2 Sean Walker Marc Del Gaizo 30 1 2 2
3 Nick Leddy Tyler Tucker 25 1 2 2
4 Sean Walker Yegor Zamula 15 1 2 2
PowerPlay Forward
Center Left Wing Right Wing Time % Phy DF OF
1 Colin Blackwell Zachary Bolduc Jonas Rondbjerg 50 1 2 2
2 Oskar Sundqvist Matthew Sop Patrick Giles 50 1 2 2
PowerPlay Defense
Defense Defense Time % Phy DF OF
1 Sean Walker Yegor Zamula 50 1 2 2
2 Jalen Chatfield Marc Del Gaizo 50 1 2 2
Penalty Kill 4 Players Forward
Center Wing Time % Phy DF OF
1 Tyson Kozak Oskar Sundqvist 50 1 2 2
2 Colin Blackwell Zachary Bolduc 50 1 2 2
Penalty Kill 4 Players Defense
Defense Defense Time % Phy DF OF
1 Sean Walker Nick Leddy 50 1 2 2
2 Jalen Chatfield Marc Del Gaizo 50 1 2 2
Penalty Kill - 3 Players Forward
Forward Time % Phy DF OF
1 Zachary Bolduc 50 1 2 2
2 Colin Blackwell 50 1 2 2
Penalty Kill - 3 Players Defense
Defense Defense Time % Phy DF OF
1 Sean Walker Nick Leddy 50 1 2 2
2 Jalen Chatfield Marc Del Gaizo 50 1 2 2
4 vs 4 Forward
Center Wing Time % Phy DF OF
1 Zachary Bolduc Colin Blackwell 50 1 2 2
2 Oskar Sundqvist Nico Sturm 50 1 2 2
4 vs 4 Defense
Defense Defense Time % Phy DF OF
1 Sean Walker Yegor Zamula 50 1 2 2
2 Jalen Chatfield Marc Del Gaizo 50 1 2 2
Last Minutes Offensive
Center Left Wing Right Wing Defense Defense
Colin Blackwell Zachary Bolduc Jonas Rondbjerg Sean Walker Yegor Zamula
Last Minutes Defensive
Center Left Wing Right Wing Defense Defense
Tyson Kozak Matthew Sop Tanner Fritz Sean Walker Yegor Zamula
Goaltenders
Starting : William Rousseau
Backup : Jaxson Stauber
Extra Forwards
Normal : Riley Duran, Gabriel Szturc, Tyson Kozak - PP : Riley Duran, Gabriel Szturc - PK : Tyson Kozak
Extra Defensemen
Normal : Nick Leddy, Tyler Tucker, Jalen Chatfield - PP : Nick Leddy - PK : Tyler Tucker, Jalen Chatfield
Penalty Shots
Zachary Bolduc, Colin Blackwell, Oskar Sundqvist, Nico Sturm, Tyson Kozak
Scratches
Ryan Ufko (Healthy), Victor Soderstrom (Healthy), Matthew Seminoff (Healthy), Matt Kessel (Healthy), Zachary Fucale (Healthy)
% Time on Ice - Atlantic City Gamblers
Lines # - Real PCT - Wanted PCT - Time Play
Normal Forward
1 - 30% - 30% - 12:38
2 - 32% - 30% - 13:52
3 - 26% - 25% - 11:02
4 - 12% - 15% - 5:17
Normal Defense
1 - 38% - 38% - 16:12
2 - 37% - 37% - 15:56
3 - 24% - 25% - 10:15
4 - 1% - 0% - 0:26
PP Forward
1 - 30% - 50% - 1:16
2 - 70% - 50% - 3:01
PP Defense
1 - 49% - 50% - 2:07
2 - 51% - 50% - 2:10
PK Forward
1 - 61% - 55% - 6:46
2 - 39% - 45% - 4:19
PK Defense
1 - 60% - 55% - 6:42
2 - 40% - 45% - 4:23
PK3 Forward
1 - 100% - 50% - 0:09
2 - 0% - 50% - 0:00
PK3 Defense
1 - 100% - 50% - 0:09
2 - 0% - 50% - 0:00
44 Forward
1 - 0% - 45% - 0:00
2 - 100% - 55% - 1:40
44 Defense
1 - 31% - 45% - 0:31
2 - 69% - 55% - 1:09
Last Minute Offensive - 0:00
Last Minute Defensive - 0:00
Total
Forward - 60:00
Defense - 60:00
|
% Time on Ice - Peoria Rivermen
Lines # - Real PCT - Wanted PCT - Time Play
Normal Forward
1 - 31% - 30% - 13:19
2 - 31% - 30% - 13:16
3 - 25% - 25% - 10:48
4 - 13% - 15% - 5:26
Normal Defense
1 - 31% - 30% - 13:18
2 - 32% - 30% - 13:44
3 - 28% - 25% - 11:50
4 - 9% - 15% - 3:57
PP Forward
1 - 51% - 50% - 5:42
2 - 49% - 50% - 5:32
PP Defense
1 - 49% - 50% - 5:33
2 - 51% - 50% - 5:41
PK Forward
1 - 51% - 50% - 2:10
2 - 49% - 50% - 2:07
PK Defense
1 - 39% - 50% - 1:41
2 - 61% - 50% - 2:36
PK3 Forward
1 - 0% - 50%
2 - 0% - 50%
PK3 Defense
1 - 0% - 50%
2 - 0% - 50%
44 Forward
1 - 50% - 50% - 0:50
2 - 50% - 50% - 0:50
44 Defense
1 - 75% - 50% - 1:15
2 - 25% - 50% - 0:25
Last Minute Offensive - 0:00
Last Minute Defensive - 0:00
Total
Forward - 60:00
Defense - 60:00
|
Play-by-Play
1st period
0:01 of 1st period - Thomas Bordeleau wins face-off versus Colin Blackwell in neutral zone.
1:16 of 1st period - Wrist shot by Nathan Bastian.
1:16 of 1st period - Shot Misses the Net.
1:59 of 1st period - Snap shot by Tyson Kozak.
1:59 of 1st period - Stopped by Calvin Pickard without a rebound.
2:00 of 1st period - Caedan Bankier wins face-off versus Colin Blackwell in Atlantic City Gamblers zone.
2:09 of 1st period - Snap shot by Ivan Miroshnichenko.
2:09 of 1st period - Stopped by William Rousseau without a rebound.
2:10 of 1st period - Caedan Bankier wins face-off versus Colin Blackwell in Peoria Rivermen zone.
2:29 of 1st period - Backhand shot by Alexander Holtz.
2:29 of 1st period - Stopped by William Rousseau with a rebound.
2:31 of 1st period - Wrist shot by Ivan Miroshnichenko.
2:31 of 1st period - Stopped by William Rousseau with a rebound.
2:37 of 1st period - Snap shot by Alexander Holtz.
2:37 of 1st period - Deflect By Ivan Miroshnichenko.
2:37 of 1st period - Stopped by William Rousseau with a rebound.
2:55 of 1st period - Snap shot by Zachary Bolduc.
2:55 of 1st period - Stopped by Calvin Pickard with a rebound.
3:19 of 1st period - Snap shot by Zachary Bolduc.
3:19 of 1st period - Shot Blocked by Ivan Miroshnichenko.
3:33 of 1st period - Wrist shot by Ivan Miroshnichenko.
3:33 of 1st period - Shot Misses the Net.
3:35 of 1st period - Wrist shot by Caedan Bankier.
3:35 of 1st period - Shot Misses the Net.
3:39 of 1st period - Slapshot by Alexander Holtz.
3:39 of 1st period - Stopped by William Rousseau without a rebound.
3:40 of 1st period - Tristan Broz wins face-off versus Jonathan Gruden in Peoria Rivermen zone.
4:30 of 1st period - Wrist shot by Ben King.
4:30 of 1st period - Stopped by William Rousseau with a rebound.
5:42 of 1st period - Noah Warren is hit by Gabriel Szturc and loses puck.
5:59 of 1st period - Wrist shot by Nico Sturm.
5:59 of 1st period - Shot Misses the Net.
6:01 of 1st period - Snap shot by Tyler Tucker.
6:01 of 1st period - Deflect By Nico Sturm.
6:01 of 1st period - Shot Misses the Net.
6:01 of 1st period - Puck is out of play.
6:02 of 1st period - Nico Sturm wins face-off versus Tristan Broz in Atlantic City Gamblers zone.
6:04 of 1st period - Tristan Broz beats up Tanner Fritz.
6:04 of 1st period - Penalty to Tanner Fritz for Fighting.
6:04 of 1st period - Penalty to Tristan Broz for Fighting.
6:04 of 1st period - Penalty to Tristan Broz for instigated a fight.
6:04 of 1st period - Penalty to Tristan Broz for instigated and being the aggresor in a fight.
6:04 of 1st period - Tristan Broz is ejected from game.
6:05 of 1st period - Thomas Bordeleau wins face-off versus Colin Blackwell in Atlantic City Gamblers zone.
6:13 of 1st period - Icing by Zachary Bolduc.
6:14 of 1st period - Colin Blackwell wins face-off versus Thomas Bordeleau in Peoria Rivermen zone.
6:45 of 1st period - Wrist shot by Zachary Bolduc.
6:45 of 1st period - Shot Misses the Net.
6:47 of 1st period - Wrist shot by Zachary Bolduc.
6:47 of 1st period - Goal by Zachary Bolduc - Atlantic City Gamblers : 0 - Peoria Rivermen : 1.
6:48 of 1st period - Nico Sturm wins face-off versus Thomas Bordeleau in neutral zone.
7:13 of 1st period - Shakir Mukhamadullin is hit by Oskar Sundqvist and loses puck.
7:18 of 1st period - Wrist shot by Patrick Giles.
7:18 of 1st period - Goal by Patrick Giles - Atlantic City Gamblers : 0 - Peoria Rivermen : 2.
7:19 of 1st period - Riley Duran wins face-off versus Jean-Luc Foudy in neutral zone.
7:35 of 1st period - Yegor Sokolov beats up Nico Sturm.
7:35 of 1st period - Penalty to Nico Sturm for Fighting.
7:35 of 1st period - Penalty to Yegor Sokolov for Fighting.
7:35 of 1st period - Penalty to Yegor Sokolov for instigated a fight.
7:35 of 1st period - Penalty to Yegor Sokolov for instigated a fight.
7:36 of 1st period - Thomas Bordeleau wins face-off versus Oskar Sundqvist in Atlantic City Gamblers zone.
7:45 of 1st period - Wrist shot by Patrick Giles.
7:45 of 1st period - Stopped by Calvin Pickard with a rebound.
7:47 of 1st period - Slapshot by Yegor Zamula.
7:47 of 1st period - Shot Blocked by Noah Warren.
7:49 of 1st period - Slapshot by Sean Walker.
7:49 of 1st period - Shot Blocked by Mason Lohrei.
7:51 of 1st period - Slapshot by Sean Walker.
7:51 of 1st period - Stopped by Calvin Pickard with a rebound.
9:35 of 1st period - Penalty to Yegor Sokolov is over, Ivan Miroshnichenko is send on ice.
9:49 of 1st period - Slapshot by Shakir Mukhamadullin.
9:49 of 1st period - Shot Misses the Net.
10:13 of 1st period - Colin Blackwell is hit by Ben King and loses puck.
10:34 of 1st period - Zachary Bolduc is hit by Caedan Bankier and loses puck.
12:15 of 1st period - Minor Penalty to Filip Roos for Tripping.
12:16 of 1st period - Oskar Sundqvist wins face-off versus Thomas Bordeleau in Atlantic City Gamblers zone.
12:28 of 1st period - Snap shot by Oskar Sundqvist.
12:28 of 1st period - Shot Blocked by Thomas Bordeleau.
12:35 of 1st period - Penalty to Yegor Sokolov is over, Caedan Bankier is send on ice.
12:44 of 1st period - Wrist shot by Zachary Bolduc.
12:44 of 1st period - Shot Blocked by Mason Lohrei.
14:15 of 1st period - Penalty to Filip Roos is over, Filip Roos is back on ice.
14:21 of 1st period - Wrist shot by Nathan Bastian.
14:21 of 1st period - Goal by Nathan Bastian - Atlantic City Gamblers : 1 - Peoria Rivermen : 2.
14:22 of 1st period - Thomas Bordeleau wins face-off versus Riley Duran in neutral zone.
14:24 of 1st period - Off-side.
14:25 of 1st period - Riley Duran wins face-off versus Nils Hoglander in neutral zone.
14:32 of 1st period - Wrist shot by Matthew Sop.
14:32 of 1st period - Shot Misses the Net.
14:34 of 1st period - Minor Penalty to Thomas Bordeleau for Hooking.
14:35 of 1st period - Caedan Bankier wins face-off versus Oskar Sundqvist in Atlantic City Gamblers zone.
14:41 of 1st period - Icing by Jalen Chatfield.
14:42 of 1st period - Caedan Bankier wins face-off versus Oskar Sundqvist in Peoria Rivermen zone.
14:47 of 1st period - Wrist shot by Mason Lohrei.
14:47 of 1st period - Shot Misses the Net.
14:55 of 1st period - Slapshot by Matthew Sop.
14:55 of 1st period - Shot Blocked by Nathan Bastian.
15:53 of 1st period - Yegor Zamula is hit by Nils Hoglander and loses puck.
16:34 of 1st period - Penalty to Thomas Bordeleau is over, Thomas Bordeleau is back on ice.
16:42 of 1st period - Filip Roos is hit by Jonathan Gruden and loses puck.
16:47 of 1st period - Slapshot by Nico Sturm.
16:47 of 1st period - Goal by Nico Sturm - Atlantic City Gamblers : 1 - Peoria Rivermen : 3.
16:48 of 1st period - Oskar Sundqvist wins face-off versus Caedan Bankier in neutral zone.
17:07 of 1st period - Alexander Holtz is hit by Oskar Sundqvist and loses puck.
17:46 of 1st period - Minor Penalty to Tyler Tucker for Interference.
17:47 of 1st period - Tyson Kozak wins face-off versus Thomas Bordeleau in Peoria Rivermen zone.
19:46 of 1st period - Penalty to Tyler Tucker is over, Tyler Tucker is back on ice.
19:55 of 1st period - Snap shot by Nico Sturm.
19:55 of 1st period - Shot Misses the Net.
19:57 of 1st period - Snap shot by Tanner Fritz.
19:57 of 1st period - Stopped by Calvin Pickard with a rebound.
19:59 of 1st period - Snap shot by Jonathan Gruden.
19:59 of 1st period - Stopped by Calvin Pickard with a rebound.
Goals for this period are 1 for Atlantic City Gamblers vs 3 for Peoria Rivermen.
Shots for this period are 7 for Atlantic City Gamblers vs 9 for Peoria Rivermen.
2nd period
0:01 of 2nd period - Colin Blackwell wins face-off versus Thomas Bordeleau in neutral zone.
0:12 of 2nd period - Snap shot by Colin Blackwell.
0:12 of 2nd period - Stopped by Calvin Pickard without a rebound.
0:13 of 2nd period - Oskar Sundqvist wins face-off versus Thomas Bordeleau in Atlantic City Gamblers zone.
0:22 of 2nd period - Snap shot by Tyson Kozak.
0:22 of 2nd period - Stopped by Calvin Pickard without a rebound.
0:23 of 2nd period - Thomas Bordeleau wins face-off versus Oskar Sundqvist in Atlantic City Gamblers zone.
0:23 of 2nd period - Thomas Bordeleau is hit by Oskar Sundqvist.
1:04 of 2nd period - 10 Minutes Misconduct Penalty to Tristan Broz is over.
1:05 of 2nd period - Slapshot by Oskar Sundqvist.
1:05 of 2nd period - Stopped by Calvin Pickard with a rebound.
1:07 of 2nd period - Slapshot by Marc Del Gaizo.
1:07 of 2nd period - Stopped by Calvin Pickard without a rebound.
1:08 of 2nd period - Caedan Bankier wins face-off versus Colin Blackwell in Atlantic City Gamblers zone.
1:33 of 2nd period - Boris Katchouk is hit by Jalen Chatfield and loses puck.
2:07 of 2nd period - Snap shot by Nathan Bastian.
2:07 of 2nd period - Shot Misses the Net.
2:18 of 2nd period - Icing by Filip Roos.
2:19 of 2nd period - Caedan Bankier wins face-off versus Oskar Sundqvist in Atlantic City Gamblers zone.
2:35 of 2nd period - 10 Minutes Misconduct Penalty to Yegor Sokolov is over.
2:38 of 2nd period - Minor Penalty to Marc Del Gaizo for Roughing.
2:39 of 2nd period - Thomas Bordeleau wins face-off versus Tyson Kozak in Peoria Rivermen zone.
3:09 of 2nd period - Slapshot by Mason Lohrei.
3:09 of 2nd period - Shot Misses the Net.
3:13 of 2nd period - Slapshot by Nils Hoglander.
3:13 of 2nd period - Stopped by William Rousseau with a rebound.
3:15 of 2nd period - Snap shot by Boris Katchouk.
3:15 of 2nd period - Shot Blocked by Nick Leddy.
4:10 of 2nd period - Jalen Chatfield is hit by Nathan Bastian and loses puck.
4:27 of 2nd period - Alexander Holtz is hit by Matthew Sop and loses puck.
4:32 of 2nd period - Snap shot by Sean Walker.
4:32 of 2nd period - Deflect By Riley Duran.
4:32 of 2nd period - Stopped by Calvin Pickard with a rebound.
4:38 of 2nd period - Penalty to Marc Del Gaizo is over, Marc Del Gaizo is back on ice.
4:48 of 2nd period - Slapshot by Tanner Fritz.
4:48 of 2nd period - Shot Blocked by Ronnie Attard.
4:50 of 2nd period - Slapshot by Tyler Tucker.
4:50 of 2nd period - Shot Blocked by Noah Warren.
4:52 of 2nd period - Slapshot by Tyler Tucker.
4:52 of 2nd period - Shot Misses the Net.
4:54 of 2nd period - Wrist shot by Nico Sturm.
4:54 of 2nd period - Shot Misses the Net.
4:56 of 2nd period - Slapshot by Tyler Tucker.
4:56 of 2nd period - Deflect By Nico Sturm.
4:56 of 2nd period - Shot Blocked by Noah Warren.
4:56 of 2nd period - Puck is out of play.
4:57 of 2nd period - Gabriel Szturc wins face-off versus Ben King in Atlantic City Gamblers zone.
5:00 of 2nd period - Wrist shot by Riley Duran.
5:00 of 2nd period - Goal by Riley Duran - Atlantic City Gamblers : 1 - Peoria Rivermen : 4.
5:01 of 2nd period - Colin Blackwell wins face-off versus Thomas Bordeleau in neutral zone.
5:06 of 2nd period - Wrist shot by Colin Blackwell.
5:06 of 2nd period - Shot Blocked by Thomas Bordeleau.
5:08 of 2nd period - Wrist shot by Yegor Zamula.
5:08 of 2nd period - Shot Blocked by Marek Alscher.
5:10 of 2nd period - Wrist shot by Colin Blackwell.
5:10 of 2nd period - Stopped by Calvin Pickard with a rebound.
5:28 of 2nd period - Oskar Sundqvist is hit by Caedan Bankier and loses puck.
5:35 of 2nd period - Slapshot by Alexander Holtz.
5:35 of 2nd period - Stopped by William Rousseau without a rebound.
5:36 of 2nd period - Colin Blackwell wins face-off versus Jean-Luc Foudy in Peoria Rivermen zone.
5:41 of 2nd period - Yegor Sokolov is hit by Zachary Bolduc and loses puck.
6:06 of 2nd period - Slapshot by Nils Hoglander.
6:06 of 2nd period - Shot Blocked by Sean Walker.
6:08 of 2nd period - Slapshot by Thomas Bordeleau.
6:08 of 2nd period - Shot Misses the Net.
6:10 of 2nd period - Slapshot by Mason Lohrei.
6:10 of 2nd period - Shot Blocked by Marc Del Gaizo.
6:12 of 2nd period - Slapshot by Mason Lohrei.
6:12 of 2nd period - Stopped by William Rousseau with a rebound.
6:14 of 2nd period - Slapshot by Mason Lohrei.
6:14 of 2nd period - Stopped by William Rousseau without a rebound.
6:15 of 2nd period - Caedan Bankier wins face-off versus Riley Duran in Peoria Rivermen zone.
6:16 of 2nd period - Wrist shot by Ivan Miroshnichenko.
6:16 of 2nd period - Shot Misses the Net.
6:26 of 2nd period - Snap shot by Ivan Miroshnichenko.
6:26 of 2nd period - Deflect By Jalen Chatfield.
6:26 of 2nd period - Shot Blocked by Matthew Sop.
6:26 of 2nd period - Puck is out of play.
6:27 of 2nd period - Colin Blackwell wins face-off versus Thomas Bordeleau in Peoria Rivermen zone.
6:42 of 2nd period - Slapshot by Hendrix Lapierre.
6:42 of 2nd period - Shot Blocked by Colin Blackwell.
6:54 of 2nd period - Mason Lohrei is hit by Tyson Kozak and loses puck.
7:00 of 2nd period - Icing by Caedan Bankier.
7:01 of 2nd period - Caedan Bankier wins face-off versus Oskar Sundqvist in Atlantic City Gamblers zone.
7:08 of 2nd period - Snap shot by Caedan Bankier.
7:08 of 2nd period - Shot Misses the Net.
7:16 of 2nd period - Slapshot by Oskar Sundqvist.
7:16 of 2nd period - Stopped by Calvin Pickard with a rebound.
7:54 of 2nd period - Slapshot by Yegor Sokolov.
7:54 of 2nd period - Deflect By Boris Katchouk.
7:54 of 2nd period - Shot Misses the Net.
7:54 of 2nd period - Puck is out of play.
7:55 of 2nd period - Oskar Sundqvist wins face-off versus Thomas Bordeleau in Peoria Rivermen zone.
8:01 of 2nd period - Off-side.
8:02 of 2nd period - Oskar Sundqvist wins face-off versus Thomas Bordeleau in neutral zone.
8:09 of 2nd period - Snap shot by Tyson Kozak.
8:09 of 2nd period - Stopped by Calvin Pickard with a rebound.
8:17 of 2nd period - Slapshot by Shakir Mukhamadullin.
8:17 of 2nd period - Stopped by William Rousseau with a rebound.
9:09 of 2nd period - Snap shot by Nils Hoglander.
9:09 of 2nd period - Stopped by William Rousseau with a rebound.
9:11 of 2nd period - Slapshot by Shakir Mukhamadullin.
9:11 of 2nd period - Stopped by William Rousseau with a rebound.
9:13 of 2nd period - Snap shot by Shakir Mukhamadullin.
9:13 of 2nd period - Shot Misses the Net.
9:15 of 2nd period - Slapshot by Shakir Mukhamadullin.
9:15 of 2nd period - Stopped by William Rousseau without a rebound.
9:16 of 2nd period - Jean-Luc Foudy wins face-off versus Colin Blackwell in Peoria Rivermen zone.
9:26 of 2nd period - Off-side.
9:27 of 2nd period - Thomas Bordeleau wins face-off versus Colin Blackwell in neutral zone.
9:38 of 2nd period - Wrist shot by Colin Blackwell.
9:38 of 2nd period - Stopped by Calvin Pickard with a rebound.
9:40 of 2nd period - Slapshot by Jalen Chatfield.
9:40 of 2nd period - Shot Misses the Net.
9:42 of 2nd period - Wrist shot by Colin Blackwell.
9:42 of 2nd period - Shot Blocked by Ronnie Attard.
10:15 of 2nd period - Slapshot by Alexander Holtz.
10:15 of 2nd period - Deflect By Ivan Miroshnichenko.
10:15 of 2nd period - Stopped by William Rousseau without a rebound.
10:16 of 2nd period - Nico Sturm wins face-off versus Caedan Bankier in Peoria Rivermen zone.
10:21 of 2nd period - Wrist shot by Nico Sturm.
10:21 of 2nd period - Shot Misses the Net.
10:39 of 2nd period - Slapshot by Nico Sturm.
10:39 of 2nd period - Deflect By Mason Lohrei.
10:39 of 2nd period - Stopped by Calvin Pickard with a rebound.
10:45 of 2nd period - Wrist shot by Tanner Fritz.
10:45 of 2nd period - Shot Misses the Net.
10:47 of 2nd period - Snap shot by Tanner Fritz.
10:47 of 2nd period - Stopped by Calvin Pickard without a rebound.
10:48 of 2nd period - Colin Blackwell wins face-off versus Thomas Bordeleau in Atlantic City Gamblers zone.
11:01 of 2nd period - Snap shot by Zachary Bolduc.
11:01 of 2nd period - Stopped by Calvin Pickard with a rebound.
11:03 of 2nd period - Backhand shot by Tyler Tucker.
11:03 of 2nd period - Shot Misses the Net.
11:09 of 2nd period - Minor Penalty to Thomas Bordeleau for Interference.
11:10 of 2nd period - Caedan Bankier wins face-off versus Oskar Sundqvist in Atlantic City Gamblers zone.
13:09 of 2nd period - Penalty to Thomas Bordeleau is over, Thomas Bordeleau is back on ice.
13:43 of 2nd period - Icing by Mason Lohrei.
13:44 of 2nd period - Jean-Luc Foudy wins face-off versus Oskar Sundqvist in Atlantic City Gamblers zone.
13:57 of 2nd period - Slapshot by Alexander Holtz.
13:57 of 2nd period - Shot Misses the Net.
13:59 of 2nd period - Wrist shot by Boris Katchouk.
13:59 of 2nd period - Shot Misses the Net.
14:45 of 2nd period - Off-side.
14:46 of 2nd period - Caedan Bankier wins face-off versus Nico Sturm in neutral zone.
15:00 of 2nd period - Minor Penalty to Caedan Bankier for Roughing.
15:01 of 2nd period - Oskar Sundqvist wins face-off versus Thomas Bordeleau in Atlantic City Gamblers zone.
15:17 of 2nd period - Minor Penalty to Nathan Bastian for Tripping.
15:18 of 2nd period - Colin Blackwell wins face-off versus Thomas Bordeleau in Atlantic City Gamblers zone.
15:22 of 2nd period - Snap shot by Zachary Bolduc.
15:22 of 2nd period - Stopped by Calvin Pickard without a rebound.
15:23 of 2nd period - Colin Blackwell wins face-off versus Thomas Bordeleau in Atlantic City Gamblers zone.
15:24 of 2nd period - Snap shot by Zachary Bolduc.
15:24 of 2nd period - Shot Blocked by Marek Alscher.
15:26 of 2nd period - Snap shot by Zachary Bolduc.
15:26 of 2nd period - Peoria Rivermen goal is going for a video replay.
15:26 of 2nd period - The goal is good.
15:26 of 2nd period - Goal by Zachary Bolduc - Atlantic City Gamblers : 1 - Peoria Rivermen : 5.
15:27 of 2nd period - Oskar Sundqvist wins face-off versus Thomas Bordeleau in neutral zone.
15:30 of 2nd period - Slapshot by Yegor Zamula.
15:30 of 2nd period - Deflect By Oskar Sundqvist.
15:30 of 2nd period - Shot Misses the Net.
15:30 of 2nd period - Puck is out of play.
15:31 of 2nd period - Thomas Bordeleau wins face-off versus Oskar Sundqvist in Atlantic City Gamblers zone.
15:31 of 2nd period - Thomas Bordeleau is hit by Oskar Sundqvist.
15:43 of 2nd period - Slapshot by Yegor Zamula.
15:43 of 2nd period - Shot Misses the Net.
15:45 of 2nd period - Snap shot by Patrick Giles.
15:45 of 2nd period - Stopped by Calvin Pickard with a rebound.
15:47 of 2nd period - Snap shot by Patrick Giles.
15:47 of 2nd period - Stopped by Calvin Pickard without a rebound.
15:48 of 2nd period - Thomas Bordeleau wins face-off versus Colin Blackwell in Atlantic City Gamblers zone.
16:03 of 2nd period - Snap shot by Zachary Bolduc.
16:03 of 2nd period - Shot Blocked by Mason Lohrei.
17:05 of 2nd period - Jalen Chatfield is hit by Hendrix Lapierre and loses puck.
17:17 of 2nd period - Penalty to Nathan Bastian is over, Nathan Bastian is back on ice.
17:28 of 2nd period - Snap shot by Tanner Fritz.
17:28 of 2nd period - Stopped by Calvin Pickard without a rebound.
17:29 of 2nd period - Jean-Luc Foudy wins face-off versus Nico Sturm in Atlantic City Gamblers zone.
17:35 of 2nd period - Icing by Marek Alscher.
17:36 of 2nd period - Jean-Luc Foudy wins face-off versus Colin Blackwell in Atlantic City Gamblers zone.
17:45 of 2nd period - Slapshot by Yegor Sokolov.
17:45 of 2nd period - Goal by Yegor Sokolov - Atlantic City Gamblers : 2 - Peoria Rivermen : 5.
17:46 of 2nd period - Colin Blackwell wins face-off versus Thomas Bordeleau in neutral zone.
17:49 of 2nd period - Thomas Bordeleau is hit by Jonas Rondbjerg and loses puck.
17:56 of 2nd period - Wrist shot by Colin Blackwell.
17:56 of 2nd period - Goal by Colin Blackwell - Atlantic City Gamblers : 2 - Peoria Rivermen : 6.
17:57 of 2nd period - Thomas Bordeleau wins face-off versus Colin Blackwell in neutral zone.
18:28 of 2nd period - Noah Warren is hit by Oskar Sundqvist and loses puck.
18:39 of 2nd period - Slapshot by Jalen Chatfield.
18:39 of 2nd period - Stopped by Calvin Pickard with a rebound.
18:53 of 2nd period - Snap shot by Alexander Holtz.
18:53 of 2nd period - Shot Blocked by Matthew Sop.
19:05 of 2nd period - Nathan Bastian is hit by Jonathan Gruden and loses puck.
19:32 of 2nd period - Snap shot by Nils Hoglander.
19:32 of 2nd period - Stopped by William Rousseau with a rebound.
19:34 of 2nd period - Slapshot by Mason Lohrei.
19:34 of 2nd period - Deflect By Thomas Bordeleau.
19:34 of 2nd period - Stopped by William Rousseau without a rebound.
19:35 of 2nd period - Jean-Luc Foudy wins face-off versus Oskar Sundqvist in Peoria Rivermen zone.
19:36 of 2nd period - Wrist shot by Boris Katchouk.
19:36 of 2nd period - Stopped by William Rousseau with a rebound.
19:42 of 2nd period - Snap shot by Sean Walker.
19:42 of 2nd period - Stopped by Calvin Pickard without a rebound.
19:43 of 2nd period - Oskar Sundqvist wins face-off versus Jean-Luc Foudy in Atlantic City Gamblers zone.
19:44 of 2nd period - Snap shot by Tyson Kozak.
19:44 of 2nd period - Stopped by Calvin Pickard with a rebound.
19:48 of 2nd period - Snap shot by Oskar Sundqvist.
19:48 of 2nd period - Stopped by Calvin Pickard with a rebound.
19:50 of 2nd period - Snap shot by Tyson Kozak.
19:50 of 2nd period - Shot Misses the Net.
19:52 of 2nd period - Wrist shot by Patrick Giles.
19:52 of 2nd period - Stopped by Calvin Pickard with a rebound.
19:54 of 2nd period - Snap shot by Tyson Kozak.
19:54 of 2nd period - Stopped by Calvin Pickard with a rebound.
19:56 of 2nd period - Snap shot by Oskar Sundqvist.
19:56 of 2nd period - Stopped by Calvin Pickard with a rebound.
19:58 of 2nd period - Snap shot by Patrick Giles.
19:58 of 2nd period - Shot Misses the Net.
Goals for this period are 1 for Atlantic City Gamblers vs 3 for Peoria Rivermen.
Shots for this period are 13 for Atlantic City Gamblers vs 26 for Peoria Rivermen.
3rd period
0:01 of 3rd period - Thomas Bordeleau wins face-off versus Colin Blackwell in neutral zone.
0:03 of 3rd period - Minor Penalty to Marek Alscher for Boarding.
0:04 of 3rd period - Thomas Bordeleau wins face-off versus Colin Blackwell in Atlantic City Gamblers zone.
0:12 of 3rd period - Wrist shot by Thomas Bordeleau.
0:12 of 3rd period - Shot Misses the Net.
0:20 of 3rd period - Slapshot by Mason Lohrei.
0:20 of 3rd period - Shot Blocked by Marc Del Gaizo.
0:22 of 3rd period - Minor Penalty to Jalen Chatfield for Roughing.
0:23 of 3rd period - Jean-Luc Foudy wins face-off versus Zachary Bolduc in Peoria Rivermen zone.
0:24 of 3rd period - Wrist shot by Boris Katchouk.
0:24 of 3rd period - Shot Misses the Net.
0:29 of 3rd period - Off-side.
0:30 of 3rd period - Zachary Bolduc wins face-off versus Jean-Luc Foudy in neutral zone.
1:25 of 3rd period - Mason Lohrei is hit by Oskar Sundqvist and loses puck.
2:03 of 3rd period - Penalty to Marek Alscher is over, Marek Alscher is back on ice.
2:17 of 3rd period - Zachary Bolduc is hit by Nils Hoglander and loses puck.
2:22 of 3rd period - Penalty to Jalen Chatfield is over, Jalen Chatfield is back on ice.
2:58 of 3rd period - Nathan Bastian is hit by Jalen Chatfield and loses puck.
3:15 of 3rd period - Ronnie Attard is hit by Tanner Fritz and loses puck.
3:26 of 3rd period - Caedan Bankier is hit by Jalen Chatfield and loses puck.
3:55 of 3rd period - Tyler Tucker is hit by Ben King and loses puck.
5:03 of 3rd period - Slapshot by Riley Duran.
5:03 of 3rd period - Shot Misses the Net.
5:23 of 3rd period - Wrist shot by Ivan Miroshnichenko.
5:23 of 3rd period - Shot Blocked by Marc Del Gaizo.
5:35 of 3rd period - Ivan Miroshnichenko is hit by Sean Walker and loses puck.
5:49 of 3rd period - Off-side.
5:50 of 3rd period - Ben King wins face-off versus Colin Blackwell in neutral zone.
5:53 of 3rd period - Slapshot by Shakir Mukhamadullin.
5:53 of 3rd period - Stopped by William Rousseau with a rebound.
6:18 of 3rd period - Wrist shot by Patrick Giles.
6:18 of 3rd period - Stopped by Calvin Pickard without a rebound.
6:19 of 3rd period - Oskar Sundqvist wins face-off versus Caedan Bankier in Atlantic City Gamblers zone.
6:23 of 3rd period - Icing by Ivan Miroshnichenko.
6:24 of 3rd period - Oskar Sundqvist wins face-off versus Caedan Bankier in Atlantic City Gamblers zone.
6:49 of 3rd period - Hendrix Lapierre is hit by Jalen Chatfield and loses puck.
6:54 of 3rd period - Slapshot by Zachary Bolduc.
6:54 of 3rd period - Stopped by Calvin Pickard without a rebound.
6:55 of 3rd period - Thomas Bordeleau wins face-off versus Colin Blackwell in Atlantic City Gamblers zone.
7:00 of 3rd period - Slapshot by Nils Hoglander.
7:00 of 3rd period - Stopped by William Rousseau without a rebound.
7:01 of 3rd period - Thomas Bordeleau wins face-off versus Colin Blackwell in Peoria Rivermen zone.
7:10 of 3rd period - Shakir Mukhamadullin is hit by Zachary Bolduc and loses puck.
7:17 of 3rd period - Slapshot by Colin Blackwell.
7:17 of 3rd period - Stopped by Calvin Pickard with a rebound.
7:31 of 3rd period - Snap shot by Yegor Sokolov.
7:31 of 3rd period - Stopped by William Rousseau without a rebound.
7:32 of 3rd period - Jean-Luc Foudy wins face-off versus Oskar Sundqvist in Peoria Rivermen zone.
7:35 of 3rd period - Slapshot by Boris Katchouk.
7:35 of 3rd period - Stopped by William Rousseau with a rebound.
7:37 of 3rd period - Snap shot by Boris Katchouk.
7:37 of 3rd period - Stopped by William Rousseau with a rebound.
7:57 of 3rd period - Patrick Giles is hit by Ivan Miroshnichenko and loses puck.
8:04 of 3rd period - Snap shot by Alexander Holtz.
8:04 of 3rd period - Shot Blocked by Jalen Chatfield.
8:06 of 3rd period - Snap shot by Caedan Bankier.
8:06 of 3rd period - Deflect By Ivan Miroshnichenko.
8:06 of 3rd period - Goal by Ivan Miroshnichenko - Atlantic City Gamblers : 3 - Peoria Rivermen : 6.
8:07 of 3rd period - Thomas Bordeleau wins face-off versus Colin Blackwell in neutral zone.
9:00 of 3rd period - Alexander Holtz beats up Tanner Fritz.
9:00 of 3rd period - Penalty to Tanner Fritz for Fighting.
9:00 of 3rd period - Penalty to Alexander Holtz for Fighting.
9:01 of 3rd period - Colin Blackwell wins face-off versus Thomas Bordeleau in Peoria Rivermen zone.
9:10 of 3rd period - Snap shot by Jonas Rondbjerg.
9:10 of 3rd period - Shot Blocked by Hendrix Lapierre.
9:16 of 3rd period - Wrist shot by Nils Hoglander.
9:16 of 3rd period - Shot Blocked by Colin Blackwell.
9:31 of 3rd period - Snap shot by Tyson Kozak.
9:31 of 3rd period - Shot Misses the Net.
9:33 of 3rd period - Snap shot by Sean Walker.
9:33 of 3rd period - Shot Misses the Net.
9:35 of 3rd period - Wrist shot by Tyson Kozak.
9:35 of 3rd period - Shot Misses the Net.
10:32 of 3rd period - Wrist shot by Tyson Kozak.
10:32 of 3rd period - Shot Misses the Net.
10:42 of 3rd period - Yegor Sokolov is hit by Yegor Zamula and loses puck.
11:33 of 3rd period - Nathan Bastian is hit by Zachary Bolduc and loses puck.
11:54 of 3rd period - Yegor Sokolov is hit by Sean Walker and loses puck.
12:56 of 3rd period - Icing by Sean Walker.
12:57 of 3rd period - Colin Blackwell wins face-off versus Ben King in Peoria Rivermen zone.
13:28 of 3rd period - Icing by Tyler Tucker.
13:29 of 3rd period - Caedan Bankier wins face-off versus Colin Blackwell in Peoria Rivermen zone.
13:40 of 3rd period - Wrist shot by Jonas Rondbjerg.
13:40 of 3rd period - Shot Misses the Net.
13:59 of 3rd period - Off-side.
14:00 of 3rd period - Jean-Luc Foudy wins face-off versus Oskar Sundqvist in neutral zone.
14:09 of 3rd period - Snap shot by Oskar Sundqvist.
14:09 of 3rd period - Shot Hit the Post.
14:11 of 3rd period - Wrist shot by Oskar Sundqvist.
14:11 of 3rd period - Stopped by Calvin Pickard without a rebound.
14:12 of 3rd period - Thomas Bordeleau wins face-off versus Colin Blackwell in Atlantic City Gamblers zone.
14:12 of 3rd period - Thomas Bordeleau is hit by Colin Blackwell.
14:24 of 3rd period - Wrist shot by Hendrix Lapierre.
14:24 of 3rd period - Stopped by William Rousseau without a rebound.
14:25 of 3rd period - Colin Blackwell wins face-off versus Thomas Bordeleau in Peoria Rivermen zone.
14:38 of 3rd period - Slapshot by Zachary Bolduc.
14:38 of 3rd period - Shot Blocked by Marek Alscher.
14:58 of 3rd period - Icing by Boris Katchouk.
14:59 of 3rd period - Jean-Luc Foudy wins face-off versus Colin Blackwell in Atlantic City Gamblers zone.
15:29 of 3rd period - Off-side.
15:30 of 3rd period - Oskar Sundqvist wins face-off versus Hendrix Lapierre in neutral zone.
15:33 of 3rd period - Slapshot by Jalen Chatfield.
15:33 of 3rd period - Shot Blocked by Hendrix Lapierre.
15:37 of 3rd period - Snap shot by Patrick Giles.
15:37 of 3rd period - Shot Misses the Net.
15:39 of 3rd period - Wrist shot by Tyson Kozak.
15:39 of 3rd period - Stopped by Calvin Pickard without a rebound.
15:40 of 3rd period - Colin Blackwell wins face-off versus Thomas Bordeleau in Atlantic City Gamblers zone.
15:47 of 3rd period - Snap shot by Mason Lohrei.
15:47 of 3rd period - Shot Blocked by Jalen Chatfield.
15:49 of 3rd period - Backhand shot by Mason Lohrei.
15:49 of 3rd period - Shot Misses the Net.
15:51 of 3rd period - Slapshot by Mason Lohrei.
15:51 of 3rd period - Stopped by William Rousseau without a rebound.
15:52 of 3rd period - Thomas Bordeleau wins face-off versus Oskar Sundqvist in Peoria Rivermen zone.
15:55 of 3rd period - Snap shot by Nils Hoglander.
15:55 of 3rd period - Stopped by William Rousseau with a rebound.
16:11 of 3rd period - Yegor Zamula is hit by Nils Hoglander and loses puck.
16:28 of 3rd period - Snap shot by Zachary Bolduc.
16:28 of 3rd period - Shot Misses the Net.
16:30 of 3rd period - Slapshot by Tyler Tucker.
16:30 of 3rd period - Stopped by Calvin Pickard with a rebound.
16:32 of 3rd period - Slapshot by Nick Leddy.
16:32 of 3rd period - Stopped by Calvin Pickard without a rebound.
16:33 of 3rd period - Nico Sturm wins face-off versus Caedan Bankier in Atlantic City Gamblers zone.
16:34 of 3rd period - Snap shot by Tanner Fritz.
16:34 of 3rd period - Stopped by Calvin Pickard with a rebound.
16:38 of 3rd period - Snap shot by Tanner Fritz.
16:38 of 3rd period - Shot Misses the Net.
16:40 of 3rd period - Wrist shot by Nico Sturm.
16:40 of 3rd period - Goal by Nico Sturm - Atlantic City Gamblers : 3 - Peoria Rivermen : 7.
16:41 of 3rd period - Thomas Bordeleau wins face-off versus Colin Blackwell in neutral zone.
16:44 of 3rd period - Wrist shot by Hendrix Lapierre.
16:44 of 3rd period - Stopped by William Rousseau without a rebound.
16:45 of 3rd period - Thomas Bordeleau wins face-off versus Colin Blackwell in Peoria Rivermen zone.
16:46 of 3rd period - Backhand shot by Hendrix Lapierre.
16:46 of 3rd period - Stopped by William Rousseau with a rebound.
16:48 of 3rd period - Slapshot by Mason Lohrei.
16:48 of 3rd period - Shot Blocked by Colin Blackwell.
16:50 of 3rd period - Slapshot by Mason Lohrei.
16:50 of 3rd period - Stopped by William Rousseau with a rebound.
16:52 of 3rd period - Wrist shot by Nils Hoglander.
16:52 of 3rd period - Stopped by William Rousseau with a rebound.
16:54 of 3rd period - Snap shot by Mason Lohrei.
16:54 of 3rd period - Deflect By Marc Del Gaizo.
16:54 of 3rd period - Stopped by William Rousseau with a rebound.
16:56 of 3rd period - Slapshot by Mason Lohrei.
16:56 of 3rd period - Deflect By Sean Walker.
16:56 of 3rd period - Stopped by William Rousseau with a rebound.
16:58 of 3rd period - Snap shot by Hendrix Lapierre.
16:58 of 3rd period - Shot Blocked by Jonas Rondbjerg.
17:00 of 3rd period - Wrist shot by Nils Hoglander.
17:00 of 3rd period - Shot Misses the Net.
17:20 of 3rd period - Marc Del Gaizo is hit by Jean-Luc Foudy and loses puck.
17:43 of 3rd period - Backhand shot by Ivan Miroshnichenko.
17:43 of 3rd period - Stopped by William Rousseau with a rebound.
17:53 of 3rd period - Slapshot by Hendrix Lapierre.
17:53 of 3rd period - Stopped by William Rousseau with a rebound.
18:11 of 3rd period - Nathan Bastian is hit by Zachary Bolduc and loses puck.
18:18 of 3rd period - Wrist shot by Colin Blackwell.
18:18 of 3rd period - Deflect By Zachary Bolduc.
18:18 of 3rd period - Shot Misses the Net.
18:18 of 3rd period - Puck is out of play.
18:19 of 3rd period - Oskar Sundqvist wins face-off versus Thomas Bordeleau in Atlantic City Gamblers zone.
19:18 of 3rd period - Jonathan Gruden is hit by Ivan Miroshnichenko.
19:28 of 3rd period - Noah Warren is hit by Riley Duran and loses puck.
19:37 of 3rd period - Nils Hoglander is hit by Yegor Zamula and loses puck.
19:47 of 3rd period - Icing by Thomas Bordeleau.
19:48 of 3rd period - Oskar Sundqvist wins face-off versus Thomas Bordeleau in Atlantic City Gamblers zone.
19:53 of 3rd period - Wrist shot by Tyson Kozak.
19:53 of 3rd period - Stopped by Calvin Pickard with a rebound.
Goals for this period are 1 for Atlantic City Gamblers vs 1 for Peoria Rivermen.
Shots for this period are 17 for Atlantic City Gamblers vs 10 for Peoria Rivermen.
Back to the Top